 Dungeon Crawl Stone Soup version 0.31.0-11-ge490571c62 (webtiles) character file.

Game seed: 4047312144109538228

11519 inmateoo the Geomancer (level 11, -2/91 HPs)
             Began as a Grey Draconian Earth Elementalist on Jan 26, 2024.
             Was the Champion of Cheibriados.
             Slain by a sun demon (18 damage)
             ... on level 10 of the Dungeon.
             The game lasted 00:15:15 (9920 turns).

inmateoo the Geomancer (DrEE)                       Turns: 9920, Time: 00:15:16

Health: -2/91      AC: 18    Str: 26    XL:     11   Next: 50%
Magic:  6/22       EV: 18    Int: 34    God:    Cheibriados [******]
Gold:   460        SH:  0    Dex: 27    Spells: 13/24 levels left

rFire   . .          .
                       - Unarmed
rCold   . . .        (no shield)
rNeg    . . .        (body armour unavailable)
rPois   .            (helmet restricted)
rElec   .            (no cloak)
rCorr   .            j - +1 pair of gloves
SInv    .            (no boots)
Will    +....        (no amulet)
Stlth   +++          m - ring of willpower
HPRegen 0.35/turn    z - +4 ring of protection
MPRegen 0.18/turn

%: no passive effects
@: very slow
A: AC +12, amphibious, unfitting armour, cold-blooded
a: Renounce Religion, Bend Time, Temporal Distortion, Slouch, Step From Time


You were on level 10 of the Dungeon.
You worshipped Cheibriados.
Cheibriados was exalted by your worship.
You visited 1 branch of the dungeon, and saw 10 of its levels.

You collected 460 gold pieces.

Inventory:

Hand Weapons
 k - a +2 dagger of venom
Armour
 j - a +1 pair of gloves (worn)
Jewellery
 m - a ring of willpower (left hand)
 z - a +4 ring of protection (right hand)
Wands
 p - a wand of digging (3)
 q - a wand of quicksilver (2)
 t - a wand of paralysis (16)
 A - a wand of polymorph (6)
 B - a wand of roots (7)
Scrolls
 d - 3 scrolls of teleportation
 i - 5 scrolls of blinking
 l - a scroll of fog
 n - a scroll of immolation
 u - a scroll of silence
 y - 3 scrolls of enchant armour
 C - a scroll of amnesia
Potions
 a - 2 potions of magic
 b - 3 potions of enlightenment
 c - a potion of resistance
 e - 3 potions of mutation
 g - 6 potions of curing
 h - 4 potions of brilliance
 o - a potion of lignification
 r - a potion of might
 s - a potion of ambrosia {unknown}
 v - a potion of berserk rage {unknown}
 w - a potion of invisibility {unknown}
 x - a potion of attraction {unknown}
 D - a potion of cancellation {unknown}
 F - a potion of heal wounds {unknown}


   Skills:
 + Level 6.8 Fighting
 + Level 6.5 Dodging
 - Level 4.0 Stealth
 + Level 5.7 Unarmed Combat
 + Level 7.4 Spellcasting
 + Level 4.9 Conjurations
 + Level 11.4 Earth Magic
 + Level 6.7 Invocations


You had 13 spell levels left.
You knew the following spells:

 Your Spells              Type           Power      Damage    Failure   Level
a - Sandblast             Erth           100%       2d20      1%          1
b - Brom's Barrelling Bo  Conj/Erth      62%        2d8       1%          4
c - Stone Arrow           Conj/Erth      100%       3d13      1%          3
d - Passwall              Erth           74%        N/A       1%          3

Your spell library contained the following spells:

 Spells                   Type           Power      Damage    Failure   Level
 Momentum Strike          Conj/Tloc      58%        3d9       1%          2
 Apportation              Tloc           24%        N/A       3%          1
 Petrify                  Alch/Erth      51%        N/A       3%          4
 Blink                    Tloc           24%        N/A       5%          2
 Jinxbite                 Hex            24%        N/A       5%          2
 Lesser Beckoning         Tloc           24%        N/A       5%          2
 Gell's Gravitas          Tloc           12%        N/A       11%         3
 Teleport Other           Tloc           12%        N/A       11%         3
 Volatile Blastmotes      Fire/Tloc      24%        2d12      11%         3
 Fulminant Prism          Conj/Alch      14%        3d9       13%         4
 Iskenderun's Mystic Bla  Conj/Tloc      29%        2d7       13%         4
 Alistair's Intoxication  Alch           8%         N/A       67%         5
 Yara's Violent Unravell  Hex/Alch       6%         3d5       67%         5
 Enfeeble                 Hex            6%         N/A       100%        7
 Haunt                    Necr/Summ      6%         N/A       100%        7
 Borgnjor's Revivificati  Necr           6%         N/A       100%        8
 Death's Door             Necr           6%         N/A       100%        9


Dungeon Overview and Level Annotations

Branches:
Dungeon (10/15)            Temple (0/1) D:5            Lair (0/5) D:9
    Orc: D:9-12

Altars:
Ashenzari
Cheibriados
Gozag
Kikubaaqudgha
Makhleb
Qazlal
Uskayaw
Vehumet
Wu Jian
Xom
Zin

Annotations:
D:3 1 runed translucent door, bl3nd3r's ghost, amateur MiBe


Innate Abilities, Weirdness & Mutations

Your dull iron-grey scales are very hard. (AC +12)
You are amphibious.
You cannot fit into any form of body armour.
You are cold-blooded and may be slowed by cold attacks.


Message History

Press: ? - help, Shift-Dir - straight line, f/p - smoke demon
Aim: a smoke demon (almost dead, 87% to hit)
The blast of sand hits the smoke demon!!
You kill the smoke demon!
Cheibriados appreciates the change of pace.
Casting: Sandblast (safe; 1% risk of failure)
Confirm with . or Enter, or press ? or * to list all spells.
Aiming: Sandblast (safe; 1% risk of failure)
Press: ? - help, Shift-Dir - straight line, f - sun demon
Aim: a sun demon (82% to hit)
The blast of sand hits the sun demon!!
The sun demon is moderately wounded.
The sun demon misses you. The sun demon hits you.
You are engulfed in flames!!
Casting: Sandblast (safe; 1% risk of failure)
Confirm with . or Enter, or press ? or * to list all spells.
Aiming: Sandblast (safe; 1% risk of failure)
Press: ? - help, Shift-Dir - straight line, f/p - sun demon
Aim: a sun demon (moderately wounded, 82% to hit)
The blast of sand hits the sun demon.
The sun demon is moderately wounded.
The sun demon hits you!
You are engulfed in flames!
The sun demon completely misses you.
Casting: Sandblast (safe; 1% risk of failure)
Confirm with . or Enter, or press ? or * to list all spells.
Aiming: Sandblast (safe; 1% risk of failure)
Press: ? - help, Shift-Dir - straight line, f/p - sun demon
Aim: a sun demon (moderately wounded, 82% to hit)
The blast of sand hits the sun demon.
The sun demon is moderately wounded.
The sun demon misses you. The sun demon hits you.
You are engulfed in flames!
* * * LOW HITPOINT WARNING * * *
Aiming: Quicksilver Bolt
Press: ? - help, Shift-Dir - straight line, f/p - sun demon
Aim: a sun demon (moderately wounded, 64% to hit)
The bolt of dispelling energy hits the sun demon!
The sun demon is heavily wounded.
The sun demon hits you!
* * * LOW HITPOINT WARNING * * *
You are engulfed in flames!!
You die...

# #.###.......# #
#...........# #
#...........# # .
#...........# ##
4...#.ยง.........#
.#
33..###.........#
.# ..4..
#..######.# .#
......#..# #.# .#
......#@.# #.# .#
......3..# #.# .#
<.....#..######.#
.#
......#.........#
'####### ##'##
###.......#
.......# ..
#.###...# .......#
. #.# #...#
.......# #.# #...#
.......# #.# #...#


You could see a sun demon.

Vanquished Creatures
  2 two-headed ogres
  A sun demon (D:10)
  A sixfirhy (D:10)
  A smoke demon (D:10)
  An orange demon (D:10)
  2 komodo dragons (D:9)
  2 hornets (D:8)
  Sigmund (D:3)
  3 wyverns (D:9)
  A wraith (D:9)
  11 yaks
  A neqoxec (D:10)
  A basilisk (D:9)
  A chaos spawn (D:10)
  A steam dragon (D:9)
  4 water moccasins
  Duvessa (D:7)
  3 black bears
  An orc warrior (D:8)
  A swamp drake (D:9)
  2 ice beasts (D:6)
  3 ogres
  A sky beast (D:6)
  3 centaurs
  A phantom (D:7)
  4 kobold brigands
  3 bullfrogs (D:7)
  3 scorpions
  A gnoll sergeant (D:10)
  4 wights (D:7)
  Dowan (D:7)
  5 howler monkeys
  3 quasits (D:10)
  4 jellies
  2 hounds (D:6)
  7 orc priests
  7 iguanas
  Natasha (twice) (D:2)
  4 orc wizards
  10 gnolls
  7 adders
  2 ufetubi (D:7)
  A ribbon worm (D:2)
  4 dart slugs
  28 orcs
  7 ball pythons
  4 endoplasms
  4 giant cockroaches
  8 goblins
  4 hobgoblins
  7 jackals
  22 kobolds
  A quokka (D:1)
  8 bats
  4 frilled lizards
  5 rats
226 creatures vanquished.

Vanquished Creatures (collateral kills)
  A soul eater (D:10)
  2 yaks (D:10)
  A centaur (D:10)
  A boulder (D:8)
5 creatures vanquished.

Vanquished Creatures (others)
  2 boulders
2 creatures vanquished.

Grand Total: 233 creatures vanquished

Notes
Turn   | Place    | Note
-------+----------+-------------------------------------------
     0 | D:1      | inmateoo the Draconian Earth Elementalist began the quest
                  | for the Orb.
     0 | D:1      | Reached XP level 1. HP: 14/14 MP: 3/3
   204 | D:1      | Reached XP level 2. HP: 22/22 MP: 0/5
   342 | D:1      | Reached skill level 1 in Fighting
   420 | D:1      | Reached XP level 3. HP: 18/28 MP: 0/6
   470 | D:1      | Learned a level 3 spell: Stone Arrow
  1148 | D:2      | Found a snail-covered altar of Cheibriados.
  1184 | D:2      | Became a worshipper of Cheibriados the Contemplative
  1390 | D:2      | Reached XP level 4. HP: 36/36 MP: 3/7
  1497 | D:2      | Noticed Natasha
  1508 | D:2      | Killed Natasha
  1666 | D:2      | Noticed Natasha
  1671 | D:2      | Killed Natasha
  1672 | D:2      | Reached skill level 1 in Invocations
  1947 | D:3      | Reached * piety under Cheibriados
  2035 | D:3      | Reached XP level 5. HP: 41/41 MP: 5/9
  2159 | D:3      | Learned a level 4 spell: Brom's Barrelling Boulder
  2161 | D:3      | Found a faded altar of an unknown god.
  2383 | D:3      | Found a stormy altar of Qazlal.
  2601 | D:3      | Reached ** piety under Cheibriados
  2747 | D:3      | Noticed Sigmund
  2765 | D:3      | Killed Sigmund
  2766 | D:3      | Reached skill level 4 in Earth Magic
  2766 | D:3      | Reached XP level 6. HP: 10/48 MP: 0/11
  3048 | D:3      | Found a runed translucent door.
  3053 | D:3      | Noticed bl3nd3r's ghost (amateur MiBe)
  3265 | D:4      | Reached skill level 5 in Earth Magic
  3444 | D:4      | Reached skill level 6 in Earth Magic
  3444 | D:4      | Your scales start taking on a dull iron-grey colour.
  3444 | D:4      | Reached skill level 7 in Earth Magic
  3444 | D:4      | Reached XP level 7. HP: 55/55 MP: 10/13
  3932 | D:5      | Entered Level 5 of the Dungeon
  3979 | D:4      | Learned a level 3 spell: Passwall
  4037 | D:5      | Reached skill level 1 in Unarmed Combat
  4135 | D:5      | Found a staircase to the Ecumenical Temple.
  4224 | D:5      | Found a glowing silver altar of Zin.
  4408 | D:5      | Reached *** piety under Cheibriados
  4740 | D:5      | Reached XP level 8. HP: 60/62 MP: 11/14
  5429 | D:6      | Reached skill level 8 in Earth Magic
  5830 | D:6      | Reached XP level 9. HP: 71/71 MP: 11/16
  5874 | D:6      | Found a shimmering altar of Xom.
  5874 | D:6      | Found an ancient bone altar of Kikubaaqudgha.
  5875 | D:6      | Found a radiant altar of Vehumet.
  5910 | D:6      | Found a broken altar of Ashenzari.
  6247 | D:7      | Reached skill level 5 in Spellcasting
  6323 | D:7      | Reached **** piety under Cheibriados
  6774 | D:7      | Reached skill level 9 in Earth Magic
  6848 | D:7      | Noticed Dowan
  6848 | D:7      | Noticed Duvessa
  6852 | D:7      | Killed Dowan
  6860 | D:7      | Killed Duvessa
  6980 | D:7      | Found an ornate altar of the Wu Jian Council.
  7092 | D:8      | Reached ***** piety under Cheibriados
  7927 | D:9      | Found a burning altar of Makhleb.
  7949 | D:9      | Reached XP level 10. HP: 67/80 MP: 12/19
  7977 | D:9      | Reached skill level 5 in Fighting
  8004 | D:9      | Reached skill level 5 in Invocations
  8079 | D:9      | Found a hide-covered altar of Uskayaw.
  8369 | D:9      | Reached skill level 5 in Dodging
  8586 | D:9      | Noticed a two-headed ogre
  8593 | D:9      | Killed a two-headed ogre
  8931 | D:9      | Reached skill level 10 in Earth Magic
  9013 | D:9      | Reached skill level 5 in Unarmed Combat
  9158 | D:9      | Found a staircase to the Lair.
  9426 | D:10     | Entered Level 10 of the Dungeon
  9435 | D:10     | Found a snail-covered altar of Cheibriados.
  9464 | D:10     | Noticed a sixfirhy
  9470 | D:10     | Killed a sixfirhy
  9472 | D:10     | Reached skill level 11 in Earth Magic
  9538 | D:10     | Noticed a sun demon
  9546 | D:10     | Killed a sun demon
  9547 | D:10     | Reached XP level 11. HP: 89/89 MP: 4/21
  9610 | D:10     | Noticed a two-headed ogre
  9619 | D:10     | Killed a two-headed ogre
  9740 | D:10     | Noticed a soul eater
  9776 | D:10     | Reached ****** piety under Cheibriados
  9788 | D:10     | Killed a soul eater
  9849 | D:10     | Found an opulent altar of Gozag.
  9895 | D:10     | Noticed a sun demon
  9920 | D:10     | Slain by a sun demon

Illustrated notes

Levels and vault maps discovered:
D:1:      saegor_arrival_simple_e, layout_loops_ring,
          dreamdust_mushroom_princess, minmay_cupped
D:2:      layout_basic, basic_altar, minmay_misc_feat_plants,
          minmay_misc_feat_hallway, uniq_natasha
D:3:      layout_basic, nicolae_qazlal_eye_of_the_storm,
          ebering_ghost_reflecting_pool, gup_sewer_entry_bowl,
          ebering_ecumenical_altar_petrified, minmay_misc_feat_alley,
          uniq_crazy_yiuf_cottage, uniq_sigmund
D:4:      layout_cave_pods
D:5:      layout_basic, zin_treasury, minmay_temple_entry_poolview
D:6:      nicolae_cairo_tiling_large, layout_loops_ring,
          nicolae_overflow_quartered_altars, serial_co_window_serial,
          co_window_corner_a, co_window_of_opportunity_a, co_window_paths_a,
          co_window_paths_a, co_window_paths_b, co_window_corner_b,
          co_window_paths_c, co_window_paths_c, co_window_unsneaky_path_c,
          co_window_broadway_a, glass_columns_b, glass_columns_a
D:7:      layout_loops_ring, pdpol_wu_jian_five_deadly_venoms, st_stairs_5,
          uniq_duvessa
D:8:      layout_rooms, serial_aquarium, aquarium_bridge_straight
          [aquarium_subvault_bridge, aquarium_subvault_window,
          aquarium_subvault_bridge, aquarium_subvault_wall],
          aquarium_window_fake, aquarium_window_fake,
          aquarium_window_corridor_1, aquarium_view_2d, aquarium_view_2e,
          aquarium_balcony_double_3, aquarium_pool_corner,
          grunt_decor_mini_mirrors, minmay_tree_intersection
D:9:      layout_basic, nicolae_uskayaw_dance_hall, bloody_makhleb,
          erik_lair_dragon
D:10:     layout_stronghold, general_overflow_altar, nicolae_gozag_seed_capital,
          serial_demonic, serial_demonic_d, serial_demonic_f, serial_demonic_g,
          serial_demonic_c, enter_bailey_3, hangedman_abyss_or_decor_lesser_grid

Skill      XL: |  1  2  3  4  5  6  7  8  9 10 |
---------------+-------------------------------+-----
Dodging        | 2 3 4 6 |  6.5
Fighting       | 1 2 3 4 6 |  6.8
Stealth        | 2 3 4 |  4.0
Conjurations   | 2 3 4 |  4.9
Invocations    | 1 2 3 4 6 |  6.7
Spellcasting   | 3 4 6 7 |  7.4
Earth Magic    | 4 7 8 9 11 | 11.4
Unarmed Combat | 1 2 3 5 |  5.7

Action                     |  1- 3 |  4- 6 |  7- 9 | 10-12 || total
---------------------------+-------+-------+-------+-------++-------
  Melee: Unarmed           |    23 |       |       |    20 ||    43
         Tailslap          |     3 |     6 |     5 |    15 ||    29
         Punch             |     1 |       |       |     2 ||     3
         Whip              |     4 |    21 |       |       ||    25
         War axe           |       |    11 |       |       ||    11
         Dagger            |       |    15 |    34 |    30 ||    79
   Cast: Sandblast         |    56 |    61 |   117 |   114 ||   348
         Brom's Barrelling |       |     1 |     2 |     2 ||     5
         Stone Arrow       |       |     2 |    20 |    27 ||    49
  Evoke: Wand              |       |       |     2 |     1 ||     3
    Use: Scroll            |       |    11 |     8 |     4 ||    23
   Stab: Sleeping          |       |     1 |     3 |       ||     4
         Distracted        |       |       |     1 |       ||     1
 Armour: Skin              |    43 |    58 |    95 |   141 ||   337
  Dodge: Dodged            |    34 |    78 |   126 |   188 ||   426
